 Dungeon Crawl Stone Soup version 0.30-a0-634-g8abc852 (webtiles) character file.

Game seed: 11580599272103592141

942 Geeful the Sneak (level 8, -3/69 HPs)
             Began as a Kobold Enchanter on Jan 14, 2023.
             Slain by a gnoll
             ... wielding a +0 halberd
             ... led by a gnoll sergeant
              (10 damage)
             ... on level 4 of the Dungeon.
             The game lasted 00:18:26 (3886 turns).

Geeful the Sneak (Kobold Enchanter)                 Turns: 3886, Time: 00:18:26

Health: -3/69      AC: 24    Str:  7    XL:     8   Next: 34%
Magic:  1/14       EV:  3    Int: 17    God:
Gold:   176        SH:  0    Dex: 15    Spells: 10/15 levels left

rFire   . . .      SeeInvis .    a - +1 dagger (protect)
rCold   . . .      Faith    .    (no shield)
rNeg    . . .      Spirit   .    (body armour currently unavailable)
rPois   +          Reflect  .    (helmet currently unavailable)
rElec   .          Harm     .    (cloak currently unavailable)
rCorr   .          Rampage  .    (gloves currently unavailable)
Will    .....      NoTele   +    (boots currently unavailable)
Stlth   ++++                     i - amulet of the acrobat
HPRegen 0.31/turn                (no ring)
MPRegen 0.14/turn                (no ring)

@: tree-form, very slightly contaminated
A: stationary, stasis, torment immunity, boosted hp, small, no large weapons,
nightstalker 3
a: no special abilities


You were on level 4 of the Dungeon.
You were a tree.
You visited 1 branch of the dungeon, and saw 4 of its levels.

You collected 242 gold pieces.
You spent 66 gold pieces at shops.

Inventory:

Hand Weapons
 a - a +1 dagger of protection (weapon)
 r - a +2 whip of distortion
Missiles
 h - 3 poisoned darts (quivered)
Armour
 c - a +0 helmet (melded)
 d - a +0 leather armour of poison resistance (melded)
Jewellery
 i - an amulet of the acrobat (around neck)
Wands
 l - a wand of flame (18)
Scrolls
 b - 2 scrolls of teleportation
 e - 4 scrolls of enchant armour {unknown}
 g - 2 scrolls of poison
 j - a scroll of fear {unknown}
 k - 2 scrolls of amnesia
 o - 4 scrolls of blinking
 p - a scroll of immolation {unknown}
 q - a scroll of identify {unknown}
Potions
 f - a potion of lignification
 m - a potion of mutation {unknown}
 n - a potion of magic {unknown}


   Skills:
 + Level 3.2 Fighting
 + Level 4.6 Short Blades
 + Level 2.3 Armour
 + Level 4.9 Dodging
 + Level 6.2 Stealth
 + Level 4.0 Spellcasting
 + Level 4.5 Hexes


You had 10 spell levels left.
You knew the following spells:

 Your Spells              Type           Power      Damage    Failure   Level
a - Ensorcelled Hibernat  Hex/Ice        22%        N/A       10%         2
b - Confusing Touch       Hex            19%        N/A       7%          3

Your spell library contained the following spells:

 Spells                   Type           Power      Damage    Failure   Level
 Tukima's Dance           Hex            19%        N/A       7%          3
 Dazzling Flash           Conj/Hex       22%        N/A       19%         3
 Kindle Blastsparks       Fire/Tloc/Air  6%         2d10      43%         3
 Fulminant Prism          Conj/Hex       5%         3d7       52%         4
 Iskenderun's Mystic Bla  Conj/Tloc      3%         2d3       83%         4
 Lee's Rapid Deconstruct  Erth           1%         3d4*      99%         5


Dungeon Overview and Level Annotations

Branches:
Dungeon (4/15)
 Temple: D:4-7

Altars:
Qazlal
Uskayaw
Vehumet

Shops:
D:2 ([=   D:4 *

Portals:
Abyss: D:4

Annotations:
D:2 exclusion: downstairs
D:4 experimato's ghost, amateur TrMo


Innate Abilities, Weirdness & Mutations

You are a tree.
Your roots penetrate the ground, keeping you stationary.
You cannot be teleported.
You are immune to unholy pain and torment.
Your maximum health is greatly increased.
Your equipment is partially melded.
You are small and have problems with some larger weapons.
You are completely attuned to the shadows.


Message History

Press: ? - help, Shift-Dir - straight line, f/p - gnoll sergeant
Aim: a gnoll sergeant, wielding a +0 trident, wearing a +0 ring mail and wearing a +0 kite shield (chance to affect: 45%)
You miscast Ensorcelled Hibernation.
You are very lightly contaminated with residual magic.
Nothing appears to happen.
The gnoll sergeant hits you with a +0 trident!
The gnoll misses you.
Casting: Ensorcelled Hibernation (safe; 14% risk of failure)
Confirm with . or Enter, or press ? or * to list all spells.
Aiming: Ensorcelled Hibernation (safe; 14% risk of failure)
Press: ? - help, Shift-Dir - straight line, f/p - gnoll sergeant
Aim: a gnoll sergeant, wielding a +0 trident, wearing a +0 ring mail and wearing a +0 kite shield (chance to affect: 45%)
You miscast Ensorcelled Hibernation.
Nothing appears to happen.
The gnoll misses you. The gnoll sergeant misses you.
Casting: Ensorcelled Hibernation (safe; 14% risk of failure)
Confirm with . or Enter, or press ? or * to list all spells.
Aiming: Ensorcelled Hibernation (safe; 14% risk of failure)
Press: ? - help, Shift-Dir - straight line, f/p - gnoll sergeant
Aim: a gnoll sergeant, wielding a +0 trident, wearing a +0 ring mail and wearing a +0 kite shield (chance to affect: 45%)
You miscast Ensorcelled Hibernation.
Nothing appears to happen.
The gnoll sergeant misses you.
The gnoll hits you from afar with a +0 halberd.
* * * LOW HITPOINT WARNING * * *
Casting: Ensorcelled Hibernation (safe; 14% risk of failure)
Confirm with . or Enter, or press ? or * to list all spells.
Aiming: Ensorcelled Hibernation (safe; 14% risk of failure)
Press: ? - help, Shift-Dir - straight line, f/p - gnoll sergeant
Aim: a gnoll sergeant, wielding a +0 trident, wearing a +0 ring mail and wearing a +0 kite shield (chance to affect: 45%)
You miscast Ensorcelled Hibernation.
Nothing appears to happen.
The gnoll sergeant hits you with a +0 trident!
* * * LOW HITPOINT WARNING * * *
The gnoll misses you.
It was a potion of lignification.
You turn into a tree.
Your +0 helmet melds into your body.
Your +0 leather armour of poison resistance melds into your body.
You no longer feel resistant to poison.
Your roots penetrate the ground.
The gnoll sergeant hits you with a +0 trident.
* * * LOW HITPOINT WARNING * * *
The gnoll hits you from afar with a +0 halberd!
You die...

#......#.>.#....########
#>.....#...#...........##
####.#.#.∩.#..####......#
#.#.#...#..# #.#.#..#
#.#.#####..# #.#.#..#
#.)........# #.#.....
###........# #.#.#...
##........# #.#.#...
≈≈≈≈♣≈≈≈≈.# .....
#≈##≈g≈##≈## .##.. #≈
##g## ≈# ##.


gg. ... #...# ## #.$.# You could see a gnoll sergeant and 3 gnolls.

Vanquished Creatures
  The ghost of MalacsCross the Trooper, an amateur OpEE (D:3)
  Edmund (D:4)
  A black bear (D:4)
  The ghost of Kave the Ruffian, an amateur TrTm (D:3)
  A phantom (D:2)
  A small abomination (D:4)
  A scorpion (D:4)
  The ghost of moogleknight the Digger, a weakling DEEE (D:3)
  A hound (D:3)
  A jelly (D:4)
  Terence (D:2)
  Natasha (D:2)
  Robin (D:2)
  6 adders
  3 worms
  2 dart slugs (D:1)
  9 orcs
  3 bats
  6 endoplasms
  3 giant cockroaches
  21 goblins
  6 hobgoblins
  6 jackals (D:1)
  3 kobolds
  A quokka (D:1)
  5 ball pythons
  2 frilled lizards (D:1)
  6 rats
95 creatures vanquished.

Vanquished Creatures (others)
  2 goblins (D:2)
  A hobgoblin (D:2)
3 creatures vanquished.

Grand Total: 98 creatures vanquished

Notes
Turn   | Place    | Note
-------+----------+-------------------------------------------
     0 | D:1      | Geeful the Kobold Enchanter began the quest for the Orb.
     0 | D:1      | Reached XP level 1. HP: 10/10 MP: 3/3
    90 | D:1      | Reached XP level 2. HP: 15/15 MP: 5/5
   192 | D:1      | Reached XP level 3. HP: 19/19 MP: 6/6
   652 | D:1      | Learned a level 2 spell: Ensorcelled Hibernation
   724 | D:1      | Reached XP level 4. HP: 18/24 MP: 4/7
   929 | D:2      | Found Hausaj's Weapon Emporium.
  1040 | D:2      | Found Ucsivo's Jewellery Shop.
  1049 | D:2      | Found Neuliebb's Armour Shoppe.
  1058 | D:2      | Bought a +0 leather armour of poison resistance for 66 gold
                  | pieces
  1098 | D:2      | Noticed Robin
  1105 | D:2      | Noticed a phantom
  1108 | D:2      | Killed Robin
  1114 | D:2      | Killed a phantom
  1115 | D:2      | Reached skill level 1 in Fighting
  1115 | D:2      | Reached skill level 1 in Armour
  1115 | D:2      | Reached XP level 5. HP: 12/29 MP: 9/9
  1347 | D:2      | Noticed Natasha
  1384 | D:2      | Noticed Terence
  1411 | D:2      | Reached skill level 5 in Stealth
  1469 | D:2      | Killed Terence
  1470 | D:2      | Reached XP level 6. HP: 7/34 MP: 3/10
  1639 | D:2      | Killed Natasha
  1912 | D:3      | Found a stormy altar of Qazlal.
  2147 | D:3      | Found a hide-covered altar of Uskayaw.
  2148 | D:3      | Identified the +11 quarterstaff of Day {antimagic, rC+
                  | Dex+4}
  2540 | D:3      | Found a radiant altar of Vehumet.
  2609 | D:3      | Found a runed translucent gate.
  2609 | D:3      | Found a runed translucent gate.
  2609 | D:3      | Found a runed translucent gate.
  2800 | D:3      | Noticed Kave's ghost (amateur TrTm)
  2800 | D:3      | Noticed MalacsCross's ghost (amateur OpEE)
  2800 | D:3      | Noticed moogleknight's ghost (weakling DEEE)
  2858 | D:2      | Learned a level 3 spell: Confusing Touch
  2975 | D:3      | Killed Kave's ghost
  2976 | D:3      | Reached XP level 7. HP: 12/40 MP: 6/12
  3125 | D:3      | Killed moogleknight's ghost
  3229 | D:3      | Killed MalacsCross's ghost
  3327 | D:4      | Found a transporter.
  3432 | D:4      | Reached XP level 8. HP: 45/45 MP: 13/13
  3545 | D:4      | Reached skill level 6 in Stealth
  3659 | D:4      | Found a transporter.
  3697 | D:4      | Found a one-way gate to the infinite horrors of the Abyss.
  3697 | D:4      | Noticed experimato's ghost (amateur TrMo)
  3724 | D:4      | Identified the +1 robe of Iwneilar {rC- Int+6}
  3780 | D:4      | Noticed Edmund
  3790 | D:4      | Killed Edmund
  3865 | D:4      | Found Liedec's General Store.
  3886 | D:4      | Slain by a gnoll

Illustrated notes

Levels and vault maps discovered:
D:1:      zelgadis_glass_arrival_small, layout_rooms, minivault_24
D:2:      wander_river, layout_rooms, serial_aquarium, aquarium_bridge_square
          [aquarium_subvault_bridge, aquarium_subvault_bridge,
          aquarium_subvault_wall, aquarium_subvault_bridge],
          aquarium_bridge_square [aquarium_subvault_window,
          aquarium_subvault_bridge, aquarium_subvault_bridge,
          aquarium_subvault_window], aquarium_window_2, aquarium_window_2,
          aquarium_window_2, aquarium_view_2b, aquarium_view_2d,
          aquarium_balcony_3b, aquarium_pool_corner, serial_shops,
          nicolae_shop_behind_doors, shop, nicolae_shop_waterfront,
          uniq_natasha, uniq_robin, uniq_terence
D:3:      layout_loops_ring, mainiacjoe_overflow_boulevard,
          vehumet_altar_wand_db, nicolae_qazlal_eye_of_the_storm,
          gammafunk_ghost_cemetery
D:4:      layout_loops_cross, gammafunk_ghost_abyssal_escape,
          nicolae_take_the_stairs, lightli_minifort, uniq_edmund

Skill      XL: |  1  2  3  4  5  6  7  8 |
---------------+-------------------------+-----
Short Blades   | 2 3 4 |  4.6
Dodging        | 3 4 |  4.9
Fighting       | 1 2 3 |  3.2
Armour         | 1 2 |  2.3
Spellcasting   | 3 4 |  4.0
Stealth        | 5 6 |  6.2
Hexes          | 4 |  4.5

Action                   |  1- 3 |  4- 6 |  7- 9 || total
-------------------------+-------+-------+-------++-------
Melee: Dagger            |    88 |   252 |    81 ||   421
       Punch             |       |     3 |       ||     3
 Cast: Ensorcelled Hiber |     1 |     4 |     8 ||    13
       Confusing Touch   |       |     2 |     2 ||     4
Evoke: Wand              |       |     2 |       ||     2
  Use: Scroll            |     5 |     1 |       ||     6
       Potion            |       |     2 |     1 ||     3
 Stab: Sleeping          |    15 |     9 |     6 ||    30
       Invisible         |       |     7 |       ||     7
       Confused          |       |       |     3 ||     3
       Distracted        |       |       |     1 ||     1
Armor: Robe              |     1 |       |       ||     1
       Leather armour    |    11 |    51 |    10 ||    72
Dodge: Dodged            |    76 |   178 |    63 ||   317

Table legend: (Time is in decaauts)
 A = Elapsed time spent in this place.
 B = Non-inter-level travel time spent in this place.
 C = Inter-level travel time spent in this place.
 D = Time resting spent in this place.
 E = Time spent auto-exploring this place.
 F = Levels seen in this place.
 G = Mean time per level.
                   A        B        C        D        E       F      G
               +--------+--------+--------+--------+--------+-----+--------+
         Total |   3847 |   3737 |    110 |    242 |   2344 |   4 |  961.8 |
       Dungeon |   3847 |   3737 |    110 |    242 |   2344 |   4 |  961.8 |
               +--------+--------+--------+--------+--------+-----+--------+

Top non-repeatable levels by time:
     D:3: 1288 daAuts
     D:2: 1203 daAuts
     D:1: 755 daAuts
     D:4: 601 daAuts
